 Dungeon Crawl Stone Soup version 0.31-a0-986-g5e6e4ef867 (webtiles) character file.

Game seed: 13362521001212299031

346 rvierbuc the Ducker (level 6, -9/48 HPs)
             Began as a Demonspawn Gladiator on Nov 14, 2023.
             Mangled by Pikel
             ... wielding a +1 whip of electrocution
              (15 damage)
             ... on level 4 of the Dungeon.
             The game lasted 00:09:38 (3295 turns).

rvierbuc the Ducker (Demonspawn Gladiator)          Turns: 3295, Time: 00:09:38

Health: -9/48      AC: 17    Str: 15    XL:     6   Next: 32%
Magic:  6/6        EV: 13    Int:  9    God:
Gold:   238        SH:  0    Dex: 16    Spells: 4/5 levels left

rFire   . . .        a - +0 long sword
rCold   . . .        (no shield)
rNeg    . . .        b - +0 leather armour
rPois   .            c - +0 helmet
rElec   .            (no cloak)
rCorr   .            (no gloves)
SInv    .            (no boots)
Will    .....        (no amulet)
Stlth   +            g - +4 ring of protection
HPRegen 0.28/turn    k - +4 ring of slaying
MPRegen 0.10/turn

%: no passive effects
@: sanguine armoured
A: powered by death 1, sanguine armour 2
a: no special abilities


You were on level 4 of the Dungeon.
You visited 1 branch of the dungeon, and saw 4 of its levels.

You collected 238 gold pieces.

Inventory:

Hand Weapons
 a - a +0 long sword (weapon)
 y - a +0 falchion
Missiles
 d - 3 throwing nets (quivered)
 e - a javelin
 u - 3 poisoned darts
Armour
 b - a +0 leather armour (worn)
 c - a +0 helmet (worn)
Jewellery
 g - a +4 ring of protection (left hand)
 k - a +4 ring of slaying (right hand)
 w - a ring of positive energy
Talismans
 q - a maw talisman
Wands
 r - a wand of digging (5)
Scrolls
 f - 2 scrolls of enchant weapon {unknown}
 m - 3 scrolls of fog {unknown}
 p - a scroll of revelation {unknown}
 s - 5 scrolls of identify {unknown}
 t - a scroll of fear {unknown}
 v - 2 scrolls of poison {unknown}
Potions
 h - a potion of resistance {unknown}
 i - 2 potions of degeneration {unknown}
 j - 2 potions of invisibility {unknown}
 l - 3 potions of curing {unknown}
 n - 2 potions of lignification {unknown}
 o - a potion of heal wounds {unknown}
 x - a potion of ambrosia {unknown}


   Skills:
 + Level 3.7 Fighting
 + Level 4.0 Long Blades
 + Level 3.4 Throwing
 + Level 4.0 Dodging


You had 4 spell levels left.
You knew the following spells:

 Your Spells              Type           Power      Damage    Failure   Level
a - Apportation           Tloc           0%         N/A       45%         1

Your spell library contained the following spells:

 Spells                   Type           Power      Damage    Failure   Level
 Kiss of Death            Conj/Necr      0%         2d5       45%         1
 Jinxbite                 Hex            0%         N/A       58%         2
 Confusing Touch          Hex            0%         N/A       83%         3
 Inner Flame              Hex/Fire       0%         N/A       83%         3
 Dispel Undead            Necr           0%         3d6       99%         4
 Alistair's Intoxication  Tmut/Pois      0%         N/A       100%        5
 Yara's Violent Unravell  Hex/Tmut       0%         3d3       100%        5
 Enfeeble                 Hex            0%         N/A       100%        7


Dungeon Overview and Level Annotations

Branches:
Dungeon (4/15)
 Temple: D:4-7

Altars:

Annotations:
D:4 Pikel


Innate Abilities, Weirdness & Mutations

You regenerate a little health from kills.
When seriously injured, your blood forms thick armour. (AC +9)


Message History

Done waiting.
You climb downwards.
Level annotation: Pikel The lemure shouts!
You hear a shout!
Pikel hits you with a +1 whip of electrocution!
Pikel hits you with a +1 whip of electrocution.
There is a stone staircase leading up here.
You closely miss Pikel. Pikel barely misses you.
You closely miss Pikel.
Pikel zaps a wand.
You resist with some effort.
You hit Pikel.
Pikel is lightly wounded.
The lemure barely misses you.
Pikel hits you with a +1 whip of electrocution.
You are electrocuted!
Your blood congeals into armour.
The lemure hits you but does no damage.
You closely miss Pikel.
Pikel is lightly wounded.
Pikel zaps a wand.
You resist with some effort. The lemure hits you but does no damage.
Pikel barely misses you.
You hit Pikel.
Pikel is lightly wounded.
The lemure hits you but does no damage. Pikel hits you but does no damage.
You hit Pikel but do no damage.
Pikel is lightly wounded.
The lemure hits you.
Pikel says, "Antaeus said I was his favorite kobold.
Me!"
Pikel hits you but does no damage.
You closely miss Pikel.
Pikel is lightly wounded.
The lemure misses you. Pikel hits you but does no damage.
You closely miss Pikel.
Pikel is lightly wounded.
The lemure misses you. Pikel hits you but does no damage.
You are electrocuted!
* * * LOW HITPOINT WARNING * * *
The lemure closely misses you.
You barely miss Pikel.
Pikel is lightly wounded.
Pikel hits you but does no damage.
You are electrocuted!
You die...
Pikel says, "See you in Hell!"

# #...####### #.........#
########
....#####.#########.......
#########...........######
........K....#######
########@###.# #######.5#
#.# .........###.#
o#####.......####
...........555.# #...
.#####..##..##.# ######
#..# ##.##..##.####.....
#..##.# .#
#.##..##......####
#..##.##.# #.##..##.######


You could see Pikel and a lemure.

Vanquished Creatures
  Eustachio (D:4)
  3 lemures (D:4)
  An orc wizard (D:4)
  4 gnolls
  5 adders
  2 worms (D:2)
  3 dart slugs
  3 orcs (D:4)
  5 ball pythons
  7 endoplasms
  2 giant cockroaches
  10 goblins
  7 hobgoblins
  5 jackals
  6 kobolds
  2 quokkas
  7 bats
  5 frilled lizards
  8 rats
86 creatures vanquished.

Notes
Turn   | Place    | Note
-------+----------+-------------------------------------------
     0 | D:1      | rvierbuc the Demonspawn Gladiator began the quest for the
                  | Orb.
     0 | D:1      | Reached XP level 1. HP: 16/16 MP: 1/1
    55 | D:1      | Gained mutation: You regenerate a little health from kills.
                  | [demonic ancestry]
    55 | D:1      | Reached XP level 2. HP: 14/22 MP: 2/2
    70 | D:1      | Learned a level 1 spell: Apportation
   262 | D:1      | Gained mutation: When seriously injured, your blood forms
                  | armour. (AC +9) [demonic ancestry]
   262 | D:1      | Reached XP level 3. HP: 23/28 MP: 3/3
  1332 | D:2      | Reached XP level 4. HP: 34/34 MP: 4/4
  2129 | D:3      | Reached XP level 5. HP: 14/41 MP: 5/5
  2781 | D:4      | Noticed Eustachio
  2796 | D:4      | Killed Eustachio
  2797 | D:4      | Gained mutation: When seriously injured, your blood forms
                  | thick armour. (AC +9) [demonic ancestry]
  2797 | D:4      | Reached XP level 6. HP: 30/48 MP: 6/6
  2908 | D:4      | Noticed Pikel
  3295 | D:4      | Mangled by Pikel

Illustrated notes

Levels and vault maps discovered:
D:1:      nicolae_arrival_washed_ashore, layout_loops_cross
D:2:      layout_loops_corners, basic_altar
D:3:      layout_rooms
D:4:      layout_loops_ring, kennysheep_mini, minmay_fire_ice_demons,
          uniq_grinder, uniq_pikel, uniq_eustachio

Skill      XL: |  1  2  3  4  5 |
---------------+----------------+-----
Throwing       | 2 3 |  3.4
Long Blades    | 3 4 |  4.0
Dodging        | 3 4 |  4.0
Fighting       | 3 |  3.7

Action                     |  1- 3 |  4- 6 || total
---------------------------+-------+-------++-------
  Melee: Long sword        |   125 |   156 ||   281
         Punch             |     1 |     3 ||     4
         Unarmed           |       |    16 ||    16
  Throw: Throwing net      |       |     1 ||     1
   Stab: Sleeping          |     1 |     2 ||     3
 Armour: Leather armour    |    72 |   112 ||   184
         Skin              |       |     4 ||     4
  Dodge: Dodged            |    82 |   115 ||   197

Table legend: (Time is in decaauts)
 A = Elapsed time spent in this place.
 B = Non-inter-level travel time spent in this place.
 C = Inter-level travel time spent in this place.
 D = Time resting spent in this place.
 E = Time spent auto-exploring this place.
 F = Levels seen in this place.
 G = Mean time per level.
                   A        B        C        D        E       F      G
               +--------+--------+--------+--------+--------+-----+--------+
         Total |   3342 |   3203 |    139 |    266 |   2175 |   4 |  835.5 |
       Dungeon |   3342 |   3203 |    139 |    266 |   2175 |   4 |  835.5 |
               +--------+--------+--------+--------+--------+-----+--------+

Top non-repeatable levels by time:
     D:2: 1078 daAuts
     D:1: 951 daAuts
     D:3: 908 daAuts
     D:4: 403 daAuts
